 Dungeon Crawl Stone Soup version 0.22-a0-271-gc000056 (webtiles) character file.

14 tidbits the Insei (level 2, -1/23 HPs)
             Began as a Gnoll Transmuter on Mar 11, 2018.
             Slain by Sigmund
             ... wielding a +3 scythe of flaming
              (2 damage)
             ... on level 2 of the Dungeon.
             The game lasted 00:01:47 (179 turns).

tidbits the Insei (Gnoll Transmuter)                 Turns: 179, Time: 00:01:48

Health: -1/23      AC:  3    Str: 12    XL:     2   Next: 45%
Magic:  7/7        EV: 14    Int: 15    God:
Gold:   38         SH:  0    Dex: 15    Spells: 7/10 levels left

rFire    . . .     SeeInvis .     - Unarmed
rCold    . . .     Gourm    .   (no shield)
rNeg     . . .     Faith    .   b - +1 robe
rPois    .         Spirit   .   (no helmet)
rElec    .         Reflect  .   (no cloak)
rCorr    .         Harm     .   (no gloves)
MR       .....                  (no boots)
Stlth    ++........             f - amulet of rage
HPRegen  0.07/turn              (no ring)
MPRegen  0.10/turn              (no ring)

@: no status effects
A: distributed training, fangs 1, strong nose
a: Evoke Berserk Rage


You were on level 2 of the Dungeon.
You were not hungry.

You visited 1 branch of the dungeon, and saw 3 of its levels.

You collected 38 gold pieces.

Inventory:

Missiles
 a - 11 arrows
Armour
 b - a +1 robe (worn)
Jewellery
 f - an amulet of rage (around neck)
   (You found it on level 3 of the Dungeon)
Scrolls
 c - a scroll of enchant armour
 e - a scroll of immolation {unknown}
Comestibles
 d - a ration


   Skills:
 + Level 2.5 Fighting
 + Level 0.4 Short Blades
 + Level 0.4 Long Blades
 + Level 0.4 Axes
 + Level 0.4 Maces & Flails
 + Level 0.4 Polearms
 + Level 0.4 Staves
 + Level 0.4 Slings
 + Level 0.4 Bows
 + Level 0.4 Crossbows
 + Level 0.4 Throwing
 + Level 0.4 Armour
 + Level 4.5 Dodging
 + Level 0.4 Stealth
 + Level 0.4 Shields
 + Level 6.5 Unarmed Combat
 + Level 4.9 Spellcasting
 + Level 0.2 Conjurations
 + Level 0.2 Hexes
 + Level 0.2 Charms
 + Level 0.2 Summonings
 + Level 0.2 Necromancy
 + Level 0.2 Translocations
 + Level 3.7 Transmutations
 + Level 0.2 Fire Magic
 + Level 0.2 Ice Magic
 + Level 0.2 Air Magic
 + Level 0.2 Earth Magic
 + Level 0.2 Poison Magic
 + Level 0.5 Invocations
 + Level 0.4 Evocations


You had 7 spell levels left.
You knew the following spells:

 Your Spells              Type           Power        Failure   Level  Hunger
e - Beastly Appendage     Tmut           ##....       3%          1    None
k - Sticks to Snakes      Tmut           ##......     5%          2    ##.....


Dungeon Overview and Level Annotations

Branches:
Dungeon (3/15)

Altars:

Annotations:
D:2 Sigmund


Innate Abilities, Weirdness & Mutations

Your experience applies equally to all skills.
You have very sharp teeth.
Your uncanny sense of smell can sniff out nearby items.


Message History

There is an open door here.
Your talons disappear.
Found a blackened cameo amulet.
You see here a blackened cameo amulet.
f - a blackened cameo amulet Put on which piece of jewellery? (? for menu, Esc to quit)
f - an amulet of rage (around neck)
There is an open door here.
There is an open door here.
There is an open door here.
There is a stone staircase leading up here.
You climb upwards.
There is a stone staircase leading down here.
Unknown command.
A bat comes into view.
Casting: Sticks to Snakes (safe; 5% risk of failure)
Confirm with . or Enter, or press ? or * to list all spells.
You grow a pair of large bovine horns.
The bat closely misses you.
Found 7 gold pieces.
Unknown command.
The bat hits you.
You miss the bat. Your headbutt misses the bat. The bat closely misses you.
You closely miss the bat. The bat hits you.
The bat hits you but does no damage.
You hit the bat.
You kill the bat!
You see here 7 gold pieces.
You now have 32 gold pieces (gained 7).
Found a runed hat.
Found 6 gold pieces.
Unknown command.
Found 13 gold pieces.
You see here 6 gold pieces.
You now have 38 gold pieces (gained 6).
A goblin comes into view.
Your transformation is almost over.
The goblin wields a hunting sling.
The goblin shoots a stone.
The stone misses you.
You see here a stone.
The goblin shoots a stone.
The stone hits you.
You see here a stone.
Sigmund the Dreaded comes into view.
He is wielding a scythe of flaming.
Sigmund shouts!
Sigmund points at you and mumbles some strange words.
You are confused.
The goblin shoots a stone.
The stone completely misses you.
Found 12 gold pieces.
You see here a stone.
You aren't carrying any potions.
Unknown command.
The goblin shoots a stone.
The stone misses you.
The goblin shoots a stone.
The stone misses you. Sigmund gestures at you while chanting.
You are more confused.
You see here 3 stones.
The goblin shoots a stone.
The stone closely misses you. Sigmund casts a spell at you.
You resist with significant effort.
You're too confused to move!
The goblin shoots a stone.
The stone barely misses you.
Sigmund casts a spell.
Sigmund flickers and vanishes!
You bump into the rock wall.
You hit the goblin.
The goblin is heavily wounded.
Your horns disappear.
The goblin unwields an uncursed hunting sling.
The goblin completely misses you. The goblin hits you.
Found a stone staircase leading down.
The goblin wields an uncursed hunting sling.
The goblin shoots a stone.
The stone barely misses you.
Unknown command.
You feel less confused.
You hear some strange, mumbled words.
You are confused.
A kobold comes into view.
The kobold shouts!
The goblin shoots a stone.
The stone closely misses you.
You bump into the rock wall.
The goblin shoots a stone.
A puff of flame appears from out of thin air!
The puff of flame hits you!
* * * LOW HITPOINT WARNING * * *
The goblin shoots a stone.
Found 30 bolts.
Unknown command.
You're too confused to move!
You feel less confused. The kobold hits you but does no damage.
Unknown command.
The kobold closely misses you.
Unknown command.
As you read the scroll labeled YHYZAWNABBO, it crumbles to dust.
It is a scroll of enchant armour.
Your +0 robe glows green for a moment.
The kobold barely misses you. Something hits you!
* * * LOW HITPOINT WARNING * * *
Something burns you.
You die...

#.........#$......# .
#.........(.......# ..
#...[.............#
...#........#...######
.(...$(..g..(g..#
##.......####...#
........{# #...#
.......K.# #.....
........@# #...###
...#####.# #.... ##
#.# ###.## #.# >. #+#
∆


You could see a goblin and a kobold.

Vanquished Creatures
  An ooze (D:2)
  A worm (D:2)
  A ball python (D:1)
  A bat (D:2)
  2 hobgoblins
  A frilled lizard (D:2)
7 creatures vanquished.

Notes
Turn   | Place    | Note
-------+----------+-------------------------------------------
     0 | D:1      | tidbits the Gnoll Transmuter began the quest for the Orb.
     0 | D:1      | Reached XP level 1. HP: 17/17 MP: 6/6
    27 | D:2      | Reached XP level 2. HP: 23/23 MP: 5/7
    31 | D:2      | Learned a level 2 spell: Sticks to Snakes
   160 | D:2      | Noticed Sigmund
   179 | D:2      | HP: 1/23 [something (8)]
   179 | D:2      | Slain by Sigmund

Vault maps used:
D:1:      lightli_arrival_boilingwater, serial_park_tiny_1, due_unseen_surprise
D:2:      kennysheep_the_goblin_king, kennysheep_boxes, uniq_sigmund
D:3:      okawaru_trees_2

Action                   || total
-------------------------++-------
Melee: Unarmed           ||    14
       Headbutt          ||     3
       Kick              ||     1
 Cast: Beastly Appendage ||     4
       Sticks to Snakes  ||     1
  Use: Scroll            ||     1
Armor: Robe              ||     2
Dodge: Dodged            ||    14

Table legend:
 A = Spawn XP
 B = Non-spawn XP
 C = Spawn XP percentage of total XP
 D = Spawn monster count
 E = Non-spawn monster count
 F = Spawn count percentage of total count
 G = Total turns spent on level
                    A         B        C        D         E        F      G
               +---------+---------+-------+---------+---------+-------+---------
         Total |       0 |      21 |   0.0 |       0 |       7 |   0.0 |   179
               +---------+---------+-------+---------+---------+-------+---------
           D:1 |       0 |       4 |   0.0 |       0 |       2 |   0.0 |    17
           D:2 |       0 |      17 |   0.0 |       0 |       5 |   0.0 |    90
               +---------+---------+-------+---------+---------+-------+---------

Table legend:
 A = Turns spent in this place as a percentage of turns spent in the entire game.
 B = Non-inter-level travel turns spent in this place as a percentage of non-inter-level travel turns spent in the entire game.
 C = Inter-level travel turns spent in this place as a percentage of turns spent in this place.
 D = Turns resting spent in this place as a percentage of non-inter-level travel turns spent in this place.
 E = Turns spent auto-exploring this place as a percentage of non-inter-level travel turns spent in this place.
 F = Non-inter-level travel turns spent in this place divided by the number of levels of this place that you've seen.
                   A       B       C       D       E      F
               +-------+-------+-------+-------+-------+----------------------
         Total | 100.0 | 100.0 |   0.0 |   0.0 |   0.0 |  59.7
       Dungeon | 100.0 | 100.0 |   0.0 |   0.0 |   0.0 |  59.7
               +-------+-------+-------+-------+-------+----------------------

Table legend:
 A = Kills in this place as a percentage of kills in entire the game.
 B = Kills by you in this place as a percentage of kills by you in the entire game.
 C = Kills by friends in this place as a percentage of kills by friends in the entire game.
 D = Other kills in this place as a percentage of other kills in the entire game.
 E = Experience gained in this place as a percentage of experience gained in the entire game.
 F = Experience gained in this place divided by the number of levels of this place that you have seen.
                   A       B       C       D       E      F
               +-------+-------+-------+-------+-------+----------------------
         Total | 100.0 | 100.0 |   N/A |   N/A | 100.0 |   7.0
       Dungeon | 100.0 | 100.0 |   N/A |   N/A | 100.0 |   7.0
               +-------+-------+-------+-------+-------+----------------------

Vault maps used:
D:1:      lightli_arrival_boilingwater, serial_park_tiny_1, due_unseen_surprise
D:2:      kennysheep_the_goblin_king, kennysheep_boxes, uniq_sigmund
D:3:      okawaru_trees_2
